Inferno vs Machettes
Created - 14 avril 2013 at 19:10
Goals
|
| Inferno |
1 |
0 |
1 |
0 |
2 |
| Machettes |
0 |
1 |
1 |
1 |
3 |
|
Shots
|
| Inferno |
14 |
6 |
11 |
1 |
32 |
| Machettes |
3 |
16 |
4 |
2 |
25 |
|
1st period
1. Inferno , Branko Radivojevic 40 (Brian Boyle) at 18:54
Penalties :
Brendan Smith (Anc) for Tripping (Minor) at 9:09, Andrew Orpik (CLM) for Hooking (Minor) at 13:26, Cory Emmerton (CLM) for Hooking (Minor) at 19:42
2nd period
2. Machettes , Steven Goertzen 26 (Keith Yandle, Dustin Jeffrey) at 8:41
Penalties :
Vladimir Zharkov (Anc) for Holding (Minor) at 3:57, Branko Radivojevic (Anc) for Holding (Minor) at 14:51, Rick Schofield (CLM) for Hooking (Minor) at 17:50
3rd period
3. Inferno , Branko Radivojevic 41 (Jay Pandolfo, Andrej Sekera) at 3:38 (PP)
4. Machettes , Eric Godard 1 (Cory Emmerton, Andrew MacDonald) at 8:48
Penalties :
Jonathan Matsumoto (CLM) for Hooking (Minor) at 1:43, Peter Olvecky (CLM) for Hooking (Minor) at 11:34, Brendan Smith (Anc) for Unsportsmanlike conduct (Major / Game Misconduct) at 13:56
Overtime #1
5. Machettes , Dustin Jeffrey 3 (Tom Gilbert) at 4:22
Penalties :
No Penalty
Goalie Stats
Josh Harding (Anc), 22 saves from 25 shots - (0,880), OTL, 15-17-5, 64:22 minutes
Mathieu Garon (CLM), 30 saves from 32 shots - (0,938), W, 27-14-5, 64:22 minutes
Players Stats for Inferno
Player Name G A P +/- PIM S H SB GA TA FO MP PP MP PK MP
------------------------------------------------------------------------------------
Alec Martinez 0 0 0 -2 0 3 1 1 0 0 0/0 10:07 0:22 0:53
Alex Berry 0 0 0 -1 0 1 1 1 0 0 0/0 8:09 0:01 0:53
Andrej Sekera 0 1 1 -1 0 1 1 1 0 0 0/0 25:43 4:59 4:29
Brad Marchand 0 0 0 -1 0 1 1 0 0 1 0/0 17:16 4:08 2:50
Branko Radivojevic 2 0 2 1 2 2 2 2 1 0 0/1 21:53 5:42 3:04
Brayden Irwin 0 0 0 -1 0 0 0 0 0 0 2/4 6:49 0:00 0:00
Brendan Mikkelson 0 0 0 -3 0 2 0 1 0 1 0/0 16:16 0:22 4:29
Brendan Smith 0 0 0 0 17 1 3 1 0 1 0/0 17:58 4:59 0:00
Brian Boyle 0 1 1 1 0 1 1 1 0 0 14/31 23:08 5:26 5:00
Jake Dowell 0 0 0 -1 0 2 1 0 0 0 2/6 11:28 0:00 2:27
Jay Pandolfo 0 1 1 1 0 4 2 0 0 1 0/0 22:20 5:42 4:41
Jonathan Ferland 0 0 0 0 0 1 1 0 1 0 0/0 16:14 4:08 0:00
Matt Carkner 0 0 0 1 0 3 0 0 0 1 0/0 28:56 4:30 5:34
Matt Smaby 0 0 0 1 0 2 3 2 1 0 0/0 28:32 4:30 5:34
Pierre-Luc Létourneau 0 0 0 -2 0 0 1 0 1 0 0/0 8:41 0:01 0:46
Stephane Veilleux 0 0 0 -1 0 3 0 0 0 0 1/1 13:20 0:17 0:00
Vladimir Sobotka 0 0 0 0 0 3 4 0 1 0 5/11 20:31 4:08 3:04
Vladimir Zharkov 0 0 0 -1 2 2 0 0 0 0 0/0 9:07 0:00 0:00
Players Stats for Machettes
Player Name G A P +/- PIM S H SB GA TA FO MP PP MP PK MP
------------------------------------------------------------------------------------
Alexandre Picard 0 0 0 1 0 0 3 0 1 2 0/0 24:25 3:31 4:23
Andrew MacDonald 0 1 1 1 0 1 0 1 0 0 0/0 11:27 1:11 0:39
Andrew Orpik 0 0 0 1 2 0 1 1 0 0 0/0 12:09 1:30 0:39
Cory Emmerton 0 1 1 1 2 1 1 0 0 0 5/7 12:58 1:27 0:23
Dustin Jeffrey 1 1 2 2 0 1 2 0 0 1 0/0 11:49 0:12 2:16
Eric Godard 1 0 1 1 0 2 0 0 0 0 0/1 11:10 1:24 0:00
James Wisniewski 0 0 0 0 0 1 3 2 0 0 0/0 28:33 6:14 4:49
John Mitchell 0 0 0 0 0 1 0 1 0 0 21/35 23:10 4:58 5:02
Jonathan Matsumoto 0 0 0 -1 2 1 2 0 0 0 2/8 17:24 4:24 2:10
Keith Yandle 0 1 1 1 0 1 2 0 0 1 0/0 24:22 3:31 4:23
Pavel Vorobiev 0 0 0 0 0 4 3 1 1 0 1/1 23:22 5:01 5:10
Peter Olvecky 0 0 0 0 2 3 1 0 0 0 0/0 16:20 4:24 1:15
Rick Schofield 0 0 0 1 2 0 0 0 0 0 0/1 7:36 0:07 0:00
Sergei Kostitsyn 0 0 0 0 0 2 0 0 1 0 0/0 16:20 5:03 0:22
Stefan Ruzicka 0 0 0 -1 0 2 4 0 2 0 1/1 17:00 4:24 3:04
Steven Goertzen 1 0 1 1 0 2 1 0 0 0 0/0 9:09 0:07 0:00
Tom Gilbert 0 1 1 0 0 3 1 4 0 1 0/0 28:15 5:55 4:49
Tyler McNeely 0 0 0 1 0 0 0 0 0 0 0/0 12:03 1:17 0:00
3 Stars
1 - Dustin Jeffrey (CLM)
2 - Branko Radivojevic (Anc)
3 - Steven Goertzen (CLM)
Power Play
Inferno - 1 on 5 Attempt(s) - 20,00%
Machettes - 0 on 4 Attempt(s) - 0,00%
Penalty Kill
Inferno - 4 on 4 Attempt(s) - 100,00%
- Score 0 goal in Penalty Kill
Machettes - 4 on 5 Attempt(s) - 80,00%
- Score 0 goal in Penalty Kill
Official
Referees : Walsh Ian and McCauley Wes
Linesman : Derek Amell and Greg Devorski
Game Notes
Brendan Smith ejected from game at 13:56 of 3rd period
Inferno
5 vs 5 Forward
Center Left Wing Right Wing Time % Phy DF OF
1 Brian Boyle Jay Pandolfo Branko Radivojevic 40 1 2 2
2 Vladimir Sobotka Stephane Veilleux Jonathan Ferland 30 1 2 2
3 Jake Dowell Brad Marchand Vladimir Zharkov 20 1 2 2
4 Brayden Irwin Pierre-Luc Létourneau Alex Berry 10 1 2 2
5 vs 5 Defense
Defense Defense Time % Phy DF OF
1 Matt Smaby Matt Carkner 40 1 2 2
2 Andrej Sekera Brendan Smith 30 1 2 2
3 Brendan Mikkelson Alec Martinez 20 1 2 2
4 Andrej Sekera Matt Carkner 10 1 2 2
PowerPlay Forward
Center Left Wing Right Wing Time % Phy DF OF
1 Brian Boyle Jay Pandolfo Branko Radivojevic 60 1 2 2
2 Vladimir Sobotka Brad Marchand Jonathan Ferland 40 1 2 2
PowerPlay Defense
Defense Defense Time % Phy DF OF
1 Matt Smaby Matt Carkner 60 1 2 2
2 Andrej Sekera Brendan Smith 40 1 2 2
Penalty Kill 4 Players Forward
Center Wing Time % Phy DF OF
1 Brian Boyle Jay Pandolfo 60 1 2 2
2 Vladimir Sobotka Branko Radivojevic 40 1 2 2
Penalty Kill 4 Players Defense
Defense Defense Time % Phy DF OF
1 Matt Smaby Matt Carkner 60 1 2 2
2 Andrej Sekera Brendan Mikkelson 40 1 2 2
Penalty Kill - 3 Players Forward
Forward Time % Phy DF OF
1 Brian Boyle 60 1 2 2
2 Jay Pandolfo 40 1 2 2
Penalty Kill - 3 Players Defense
Defense Defense Time % Phy DF OF
1 Matt Smaby Matt Carkner 60 1 2 2
2 Andrej Sekera Brendan Mikkelson 40 1 2 2
4 vs 4 Forward
Center Wing Time % Phy DF OF
1 Brian Boyle Branko Radivojevic 60 1 2 2
2 Vladimir Sobotka Jay Pandolfo 40 1 2 2
4 vs 4 Defense
Defense Defense Time % Phy DF OF
1 Matt Smaby Matt Carkner 60 1 2 2
2 Andrej Sekera Brendan Mikkelson 40 1 2 2
Last Minutes Offensive
Center Left Wing Right Wing Defense Defense
Brian Boyle Jay Pandolfo Branko Radivojevic Matt Smaby Matt Carkner
Last Minutes Defensive
Center Left Wing Right Wing Defense Defense
Brian Boyle Jay Pandolfo Branko Radivojevic Matt Smaby Matt Carkner
Goaltenders
Starting : Josh Harding
Backup : Jonathan Boutin
Extra Forwards
Normal : Brad Marchand, Pierre-Luc Létourneau, Stephane Veilleux - PP : Brad Marchand, Stephane Veilleux - PK : Branko Radivojevic
Extra Defensemen
Normal : Andrej Sekera, Brendan Mikkelson, Alec Martinez - PP : Brendan Smith - PK : Andrej Sekera, Brendan Mikkelson
Penalty Shots
Branko Radivojevic, Jonathan Ferland, Jay Pandolfo, Brad Marchand, Matt Smaby
Machettes
5 vs 5 Forward
Center Left Wing Right Wing Time % Phy DF OF
1 John Mitchell Sergei Kostitsyn Pavel Vorobiev 40 1 2 2
2 Jonathan Matsumoto Peter Olvecky Stefan Ruzicka 30 1 2 2
3 Cory Emmerton Tyler McNeely Eric Godard 20 1 2 2
4 Rick Schofield Dustin Jeffrey Steven Goertzen 10 1 2 2
5 vs 5 Defense
Defense Defense Time % Phy DF OF
1 Tom Gilbert James Wisniewski 40 1 2 2
2 Alexandre Picard Keith Yandle 30 1 2 2
3 Andrew MacDonald Andrew Orpik 20 1 2 2
4 Tom Gilbert James Wisniewski 10 1 2 2
PowerPlay Forward
Center Left Wing Right Wing Time % Phy DF OF
1 John Mitchell Sergei Kostitsyn Pavel Vorobiev 60 1 2 2
2 Jonathan Matsumoto Peter Olvecky Stefan Ruzicka 40 1 2 2
PowerPlay Defense
Defense Defense Time % Phy DF OF
1 Tom Gilbert James Wisniewski 60 1 2 2
2 Alexandre Picard Keith Yandle 40 1 2 2
Penalty Kill 4 Players Forward
Center Wing Time % Phy DF OF
1 John Mitchell Pavel Vorobiev 60 1 2 2
2 Jonathan Matsumoto Stefan Ruzicka 40 1 2 2
Penalty Kill 4 Players Defense
Defense Defense Time % Phy DF OF
1 Tom Gilbert James Wisniewski 60 1 2 2
2 Alexandre Picard Keith Yandle 40 1 2 2
Penalty Kill - 3 Players Forward
Forward Time % Phy DF OF
1 Jonathan Matsumoto 60 1 2 2
2 John Mitchell 40 1 2 2
Penalty Kill - 3 Players Defense
Defense Defense Time % Phy DF OF
1 Tom Gilbert James Wisniewski 60 1 2 2
2 Alexandre Picard Keith Yandle 40 1 2 2
4 vs 4 Forward
Center Wing Time % Phy DF OF
1 John Mitchell Pavel Vorobiev 60 1 2 2
2 Jonathan Matsumoto Steven Goertzen 40 1 2 2
4 vs 4 Defense
Defense Defense Time % Phy DF OF
1 Tom Gilbert James Wisniewski 60 1 2 2
2 Alexandre Picard Keith Yandle 40 1 2 2
Last Minutes Offensive
Center Left Wing Right Wing Defense Defense
John Mitchell Sergei Kostitsyn Pavel Vorobiev Tom Gilbert James Wisniewski
Last Minutes Defensive
Center Left Wing Right Wing Defense Defense
John Mitchell Sergei Kostitsyn Pavel Vorobiev Tom Gilbert James Wisniewski
Goaltenders
Starting : Mathieu Garon
Backup : Marek Schwarz
Extra Forwards
Normal : Cory Emmerton, Tyler McNeely, Dustin Jeffrey - PP : Cory Emmerton, Tyler McNeely - PK : Dustin Jeffrey
Extra Defensemen
Normal : Andrew MacDonald, Andrew Orpik, Alexandre Picard - PP : Andrew MacDonald - PK : Andrew Orpik, Alexandre Picard
Penalty Shots
Eric Godard, Pavel Vorobiev, Stefan Ruzicka, Steven Goertzen, John Mitchell
% Time on Ice - Inferno
Lines # - Real PCT - Wanted PCT - Time Play
Normal Forward
1 - 29% - 40% - 11:18
2 - 31% - 30% - 12:11
3 - 23% - 20% - 8:55
4 - 17% - 10% - 6:49
Normal Defense
1 - 42% - 40% - 16:34
2 - 36% - 30% - 14:08
3 - 21% - 20% - 8:07
4 - 1% - 10% - 0:24
PP Forward
1 - 58% - 60% - 5:43
2 - 42% - 40% - 4:08
PP Defense
1 - 49% - 60% - 4:52
2 - 51% - 40% - 4:59
PK Forward
1 - 77% - 60% - 8:25
2 - 23% - 40% - 2:31
PK Defense
1 - 61% - 60% - 6:37
2 - 39% - 40% - 4:19
PK3 Forward
1 - 0% - 60%
2 - 0% - 40%
PK3 Defense
1 - 0% - 60%
2 - 0% - 40%
44 Forward
1 - 74% - 60% - 3:14
2 - 26% - 40% - 1:08
44 Defense
1 - 52% - 60% - 2:15
2 - 48% - 40% - 2:07
Last Minute Offensive - 0:00
Last Minute Defensive - 0:00
Total
Forward - 64:22
Defense - 64:22
|
% Time on Ice - Machettes
Lines # - Real PCT - Wanted PCT - Time Play
Normal Forward
1 - 33% - 40% - 12:45
2 - 24% - 30% - 9:26
3 - 24% - 20% - 9:32
4 - 19% - 10% - 7:30
Normal Defense
1 - 37% - 40% - 14:24
2 - 37% - 30% - 14:32
3 - 23% - 20% - 9:12
4 - 3% - 10% - 1:05
PP Forward
1 - 58% - 60% - 6:22
2 - 42% - 40% - 4:34
PP Defense
1 - 62% - 60% - 6:49
2 - 38% - 40% - 4:07
PK Forward
1 - 69% - 60% - 6:47
2 - 31% - 40% - 3:04
PK Defense
1 - 49% - 60% - 4:49
2 - 51% - 40% - 5:02
PK3 Forward
1 - 0% - 60%
2 - 0% - 40%
PK3 Defense
1 - 0% - 60%
2 - 0% - 40%
44 Forward
1 - 75% - 60% - 3:17
2 - 25% - 40% - 1:05
44 Defense
1 - 56% - 60% - 2:26
2 - 44% - 40% - 1:56
Last Minute Offensive - 0:00
Last Minute Defensive - 0:00
Total
Forward - 64:22
Defense - 64:22
|
Play by Play
1st period
0:01 of 1st period - Brian Boyle wins face-off versus John Mitchell in neutral zone.
0:13 of 1st period - Off-side.
0:14 of 1st period - Vladimir Sobotka wins face-off versus Jonathan Matsumoto in neutral zone.
0:20 of 1st period - Off-side.
0:21 of 1st period - Vladimir Sobotka wins face-off versus Jonathan Matsumoto in neutral zone.
0:26 of 1st period - Slapshot by Jonathan Ferland.
0:26 of 1st period - Stopped by Mathieu Garon with a rebound.
0:28 of 1st period - Slapshot by Andrej Sekera.
0:28 of 1st period - Stopped by Mathieu Garon without a rebound.
0:29 of 1st period - Cory Emmerton wins face-off versus Jake Dowell in Machettes zone.
0:38 of 1st period - Wrist shot by Vladimir Zharkov.
0:38 of 1st period - Stopped by Mathieu Garon with a rebound.
0:51 of 1st period - Icing by Eric Godard.
0:52 of 1st period - Cory Emmerton wins face-off versus Brian Boyle in Machettes zone.
1:45 of 1st period - Matt Carkner is hit by Alexandre Picard and loses puck.
3:39 of 1st period - Slapshot by Branko Radivojevic.
3:39 of 1st period - Shot Misses the Net.
4:13 of 1st period - Pierre-Luc Létourneau is hit by Pavel Vorobiev and loses puck.
5:14 of 1st period - Eric Godard is hit by Vladimir Sobotka and loses puck.
5:43 of 1st period - Icing by Brendan Mikkelson.
5:44 of 1st period - John Mitchell wins face-off versus Brayden Irwin in Inferno zone.
5:51 of 1st period - Snap shot by Alex Berry.
5:51 of 1st period - Shot Misses the Net.
5:53 of 1st period - Slapshot by Alec Martinez.
5:53 of 1st period - Stopped by Mathieu Garon without a rebound.
5:54 of 1st period - John Mitchell wins face-off versus Brian Boyle in Machettes zone.
5:54 of 1st period - John Mitchell is hit by Alec Martinez.
6:04 of 1st period - Wrist shot by Branko Radivojevic.
6:04 of 1st period - Shot Misses the Net.
6:06 of 1st period - Slapshot by Brendan Mikkelson.
6:06 of 1st period - Stopped by Mathieu Garon with a rebound.
6:08 of 1st period - Snap shot by Alec Martinez.
6:08 of 1st period - Stopped by Mathieu Garon without a rebound.
6:09 of 1st period - Vladimir Sobotka wins face-off versus Jonathan Matsumoto in Machettes zone.
7:15 of 1st period - Pierre-Luc Létourneau is hit by Dustin Jeffrey and loses puck.
8:41 of 1st period - Snap shot by Stefan Ruzicka.
8:41 of 1st period - Stopped by Josh Harding with a rebound.
8:46 of 1st period - Off-side.
8:47 of 1st period - Brian Boyle wins face-off versus John Mitchell in neutral zone.
9:02 of 1st period - Wrist shot by Sergei Kostitsyn.
9:02 of 1st period - Shot Blocked by Brendan Smith.
9:09 of 1st period - Minor Penalty to Brendan Smith for Tripping.
9:10 of 1st period - Brian Boyle wins face-off versus John Mitchell in Inferno zone.
10:31 of 1st period - Slapshot by Matt Smaby.
10:31 of 1st period - Shot Misses the Net.
10:33 of 1st period - Slapshot by Matt Smaby.
10:33 of 1st period - Stopped by Mathieu Garon without a rebound.
10:34 of 1st period - John Mitchell wins face-off versus Jake Dowell in Machettes zone.
10:34 of 1st period - John Mitchell is hit by Jake Dowell.
10:46 of 1st period - Matt Smaby is hit by Stefan Ruzicka and loses puck.
11:09 of 1st period - Penalty to Brendan Smith is over, Brendan Smith is back on ice.
11:23 of 1st period - Snap shot by Andrej Sekera.
11:23 of 1st period - Shot Blocked by Andrew Orpik.
11:25 of 1st period - Snap shot by Brendan Mikkelson.
11:25 of 1st period - Stopped by Mathieu Garon without a rebound.
11:26 of 1st period - Brayden Irwin wins face-off versus Eric Godard in Machettes zone.
12:20 of 1st period - Snap shot by Stephane Veilleux.
12:20 of 1st period - Stopped by Mathieu Garon with a rebound.
12:22 of 1st period - Snap shot by Matt Smaby.
12:22 of 1st period - Shot Misses the Net.
13:04 of 1st period - Snap shot by Stefan Ruzicka.
13:04 of 1st period - Shot Misses the Net.
13:06 of 1st period - Snap shot by Keith Yandle.
13:06 of 1st period - Shot Blocked by Branko Radivojevic.
13:08 of 1st period - Snap shot by Jonathan Matsumoto.
13:08 of 1st period - Deflect By Peter Olvecky.
13:08 of 1st period - Shot Misses the Net.
13:08 of 1st period - Puck is out of play.
13:09 of 1st period - Pavel Vorobiev wins face-off versus Vladimir Sobotka in Inferno zone.
13:18 of 1st period - Snap shot by Pavel Vorobiev.
13:18 of 1st period - Shot Misses the Net.
13:26 of 1st period - Minor Penalty to Andrew Orpik for Hooking.
13:27 of 1st period - John Mitchell wins face-off versus Brian Boyle in Machettes zone.
13:38 of 1st period - Slapshot by Matt Smaby.
13:38 of 1st period - Shot Misses the Net.
13:54 of 1st period - Pavel Vorobiev is hit by Vladimir Sobotka and loses puck.
14:59 of 1st period - Wrist shot by Keith Yandle.
14:59 of 1st period - Shot Misses the Net.
15:26 of 1st period - Penalty to Andrew Orpik is over, Andrew Orpik is back on ice.
15:33 of 1st period - Slapshot by Brayden Irwin.
15:33 of 1st period - Shot Misses the Net.
15:41 of 1st period - Snap shot by Pierre-Luc Létourneau.
15:41 of 1st period - Shot Misses the Net.
15:49 of 1st period - Backhand shot by Tom Gilbert.
15:49 of 1st period - Shot Blocked by Brendan Mikkelson.
16:01 of 1st period - Slapshot by Stephane Veilleux.
16:01 of 1st period - Shot Blocked by Tom Gilbert.
16:03 of 1st period - Slapshot by Alec Martinez.
16:03 of 1st period - Stopped by Mathieu Garon with a rebound.
16:19 of 1st period - Wrist shot by Eric Godard.
16:19 of 1st period - Stopped by Josh Harding without a rebound.
16:20 of 1st period - John Mitchell wins face-off versus Brian Boyle in Inferno zone.
16:35 of 1st period - Wrist shot by Stephane Veilleux.
16:35 of 1st period - Shot Misses the Net.
16:39 of 1st period - Snap shot by Stephane Veilleux.
16:39 of 1st period - Shot Misses the Net.
16:41 of 1st period - Slapshot by Andrej Sekera.
16:41 of 1st period - Shot Blocked by Pavel Vorobiev.
16:43 of 1st period - Snap shot by Stephane Veilleux.
16:43 of 1st period - Shot Blocked by John Mitchell.
17:01 of 1st period - Slapshot by Eric Godard.
17:01 of 1st period - Shot Blocked by Matt Smaby.
17:19 of 1st period - Snap shot by Steven Goertzen.
17:19 of 1st period - Shot Misses the Net.
17:53 of 1st period - Wrist shot by Jonathan Ferland.
17:53 of 1st period - Shot Misses the Net.
17:55 of 1st period - Wrist shot by Vladimir Sobotka.
17:55 of 1st period - Stopped by Mathieu Garon without a rebound.
17:56 of 1st period - Cory Emmerton wins face-off versus Vladimir Sobotka in Machettes zone.
18:05 of 1st period - Slapshot by Keith Yandle.
18:05 of 1st period - Shot Misses the Net.
18:07 of 1st period - Wrist shot by Keith Yandle.
18:07 of 1st period - Shot Misses the Net.
18:09 of 1st period - Slapshot by Keith Yandle.
18:09 of 1st period - Shot Misses the Net.
18:42 of 1st period - Icing by Brian Boyle.
18:43 of 1st period - Brian Boyle wins face-off versus John Mitchell in Inferno zone.
18:50 of 1st period - Snap shot by Brian Boyle.
18:50 of 1st period - Shot Blocked by Tom Gilbert.
18:52 of 1st period - Snap shot by Branko Radivojevic.
18:52 of 1st period - Deflect By Pavel Vorobiev.
18:52 of 1st period - Shot Misses the Net.
18:52 of 1st period - Puck is out of play.
18:53 of 1st period - Brian Boyle wins face-off versus Jonathan Matsumoto in Machettes zone.
18:54 of 1st period - Snap shot by Branko Radivojevic.
18:54 of 1st period - Goal by Branko Radivojevic - Inferno : 1 - Machettes : 0.
18:55 of 1st period - Brian Boyle wins face-off versus Jonathan Matsumoto in neutral zone.
19:00 of 1st period - Snap shot by Jay Pandolfo.
19:00 of 1st period - Stopped by Mathieu Garon with a rebound.
19:08 of 1st period - Slapshot by Branko Radivojevic.
19:08 of 1st period - Shot Misses the Net.
19:10 of 1st period - Slapshot by Matt Carkner.
19:10 of 1st period - Shot Misses the Net.
19:22 of 1st period - Jonathan Ferland is hit by Pavel Vorobiev and loses puck.
19:27 of 1st period - Slapshot by Pavel Vorobiev.
19:27 of 1st period - Stopped by Josh Harding with a rebound.
19:42 of 1st period - Minor Penalty to Cory Emmerton for Hooking.
19:43 of 1st period - Brian Boyle wins face-off versus John Mitchell in Machettes zone.
19:48 of 1st period - Slapshot by Brian Boyle.
19:48 of 1st period - Shot Blocked by James Wisniewski.
19:50 of 1st period - Slapshot by Brian Boyle.
19:50 of 1st period - Stopped by Mathieu Garon without a rebound.
19:51 of 1st period - John Mitchell wins face-off versus Brian Boyle in Machettes zone.
2nd period
0:01 of 2nd period - John Mitchell wins face-off versus Brian Boyle in neutral zone.
0:18 of 2nd period - Tom Gilbert is hit by Jay Pandolfo and loses puck.
0:58 of 2nd period - Slapshot by Keith Yandle.
0:58 of 2nd period - Stopped by Josh Harding with a rebound.
1:42 of 2nd period - Penalty to Cory Emmerton is over, Cory Emmerton is back on ice.
2:21 of 2nd period - Snap shot by Peter Olvecky.
2:21 of 2nd period - Stopped by Josh Harding without a rebound.
2:22 of 2nd period - Jonathan Matsumoto wins face-off versus Vladimir Sobotka in Inferno zone.
2:47 of 2nd period - Stephane Veilleux is hit by Alexandre Picard and loses puck.
3:34 of 2nd period - Slapshot by Tom Gilbert.
3:34 of 2nd period - Deflect By Brendan Mikkelson.
3:34 of 2nd period - Stopped by Josh Harding without a rebound.
3:35 of 2nd period - Jonathan Matsumoto wins face-off versus Jake Dowell in Inferno zone.
3:42 of 2nd period - Snap shot by Matt Carkner.
3:42 of 2nd period - Shot Blocked by Andrew MacDonald.
3:44 of 2nd period - Wrist shot by Brad Marchand.
3:44 of 2nd period - Stopped by Mathieu Garon without a rebound.
3:45 of 2nd period - John Mitchell wins face-off versus Jake Dowell in Machettes zone.
3:56 of 2nd period - Snap shot by Brad Marchand.
3:56 of 2nd period - Shot Misses the Net.
3:57 of 2nd period - Minor Penalty to Vladimir Zharkov for Holding.
3:58 of 2nd period - Brian Boyle wins face-off versus John Mitchell in Inferno zone.
4:13 of 2nd period - Slapshot by Tom Gilbert.
4:13 of 2nd period - Shot Blocked by Brian Boyle.
4:32 of 2nd period - Slapshot by Tom Gilbert.
4:32 of 2nd period - Shot Blocked by Branko Radivojevic.
5:57 of 2nd period - Penalty to Vladimir Zharkov is over, Vladimir Zharkov is back on ice.
6:09 of 2nd period - Snap shot by Vladimir Sobotka.
6:09 of 2nd period - Stopped by Mathieu Garon without a rebound.
6:10 of 2nd period - Cory Emmerton wins face-off versus Vladimir Sobotka in Machettes zone.
6:47 of 2nd period - Slapshot by Keith Yandle.
6:47 of 2nd period - Shot Blocked by Andrej Sekera.
6:59 of 2nd period - Snap shot by Pavel Vorobiev.
6:59 of 2nd period - Shot Misses the Net.
7:19 of 2nd period - Matt Carkner is hit by Stefan Ruzicka and loses puck.
7:52 of 2nd period - Snap shot by Jonathan Ferland.
7:52 of 2nd period - Shot Misses the Net.
8:37 of 2nd period - Wrist shot by Keith Yandle.
8:37 of 2nd period - Shot Blocked by Alex Berry.
8:39 of 2nd period - Snap shot by Dustin Jeffrey.
8:39 of 2nd period - Shot Blocked by Alec Martinez.
8:41 of 2nd period - Wrist shot by Keith Yandle.
8:41 of 2nd period - Deflect By Steven Goertzen.
8:41 of 2nd period - Goal by Steven Goertzen - Inferno : 1 - Machettes : 1.
8:42 of 2nd period - John Mitchell wins face-off versus Brian Boyle in neutral zone.
8:56 of 2nd period - Wrist shot by Jay Pandolfo.
8:56 of 2nd period - Stopped by Mathieu Garon with a rebound.
8:58 of 2nd period - Wrist shot by Matt Smaby.
8:58 of 2nd period - Deflect By Keith Yandle.
8:58 of 2nd period - Stopped by Mathieu Garon with a rebound.
9:40 of 2nd period - Wrist shot by Tom Gilbert.
9:40 of 2nd period - Stopped by Josh Harding with a rebound.
10:01 of 2nd period - Jake Dowell is hit by James Wisniewski and loses puck.
10:12 of 2nd period - Pavel Vorobiev is hit by Branko Radivojevic and loses puck.
10:59 of 2nd period - Off-side.
11:00 of 2nd period - Brian Boyle wins face-off versus John Mitchell in neutral zone.
11:11 of 2nd period - Slapshot by James Wisniewski.
11:11 of 2nd period - Shot Blocked by Matt Smaby.
11:22 of 2nd period - Icing by Pavel Vorobiev.
11:23 of 2nd period - Vladimir Sobotka wins face-off versus Jonathan Matsumoto in Machettes zone.
11:32 of 2nd period - Wrist shot by Jonathan Ferland.
11:32 of 2nd period - Shot Misses the Net.
11:34 of 2nd period - Snap shot by Vladimir Sobotka.
11:34 of 2nd period - Stopped by Mathieu Garon without a rebound.
11:35 of 2nd period - John Mitchell wins face-off versus Branko Radivojevic in Machettes zone.
12:01 of 2nd period - Peter Olvecky is hit by Jonathan Ferland.
12:34 of 2nd period - Slapshot by Vladimir Zharkov.
12:34 of 2nd period - Stopped by Mathieu Garon with a rebound.
12:43 of 2nd period - Off-side.
12:44 of 2nd period - Cory Emmerton wins face-off versus Brayden Irwin in neutral zone.
13:22 of 2nd period - Snap shot by Alexandre Picard.
13:22 of 2nd period - Shot Misses the Net.
13:58 of 2nd period - Wrist shot by Peter Olvecky.
13:58 of 2nd period - Stopped by Josh Harding without a rebound.
13:59 of 2nd period - Stefan Ruzicka wins face-off versus Vladimir Sobotka in Inferno zone.
14:35 of 2nd period - Snap shot by Pavel Vorobiev.
14:35 of 2nd period - Shot Misses the Net.
14:37 of 2nd period - Snap shot by Pavel Vorobiev.
14:37 of 2nd period - Stopped by Josh Harding without a rebound.
14:38 of 2nd period - John Mitchell wins face-off versus Brian Boyle in Inferno zone.
14:39 of 2nd period - Slapshot by Pavel Vorobiev.
14:39 of 2nd period - Shot Misses the Net.
14:41 of 2nd period - Snap shot by Sergei Kostitsyn.
14:41 of 2nd period - Shot Misses the Net.
14:43 of 2nd period - Slapshot by James Wisniewski.
14:43 of 2nd period - Deflect By Pavel Vorobiev.
14:43 of 2nd period - Stopped by Josh Harding without a rebound.
14:44 of 2nd period - John Mitchell wins face-off versus Brian Boyle in Inferno zone.
14:45 of 2nd period - Snap shot by Pavel Vorobiev.
14:45 of 2nd period - Stopped by Josh Harding with a rebound.
14:47 of 2nd period - Snap shot by John Mitchell.
14:47 of 2nd period - Shot Misses the Net.
14:49 of 2nd period - Wrist shot by John Mitchell.
14:49 of 2nd period - Stopped by Josh Harding without a rebound.
14:50 of 2nd period - John Mitchell wins face-off versus Brian Boyle in Inferno zone.
14:51 of 2nd period - Snap shot by Sergei Kostitsyn.
14:51 of 2nd period - Stopped by Josh Harding without a rebound.
14:51 of 2nd period - Minor Penalty to Branko Radivojevic for Holding.
14:52 of 2nd period - Brian Boyle wins face-off versus John Mitchell in Inferno zone.
15:05 of 2nd period - Slapshot by Tom Gilbert.
15:05 of 2nd period - Stopped by Josh Harding without a rebound.
15:06 of 2nd period - John Mitchell wins face-off versus Brian Boyle in Inferno zone.
15:40 of 2nd period - Wrist shot by Stefan Ruzicka.
15:40 of 2nd period - Stopped by Josh Harding with a rebound.
15:42 of 2nd period - Slapshot by James Wisniewski.
15:42 of 2nd period - Deflect By Matt Smaby.
15:42 of 2nd period - Stopped by Josh Harding with a rebound.
16:32 of 2nd period - Matt Smaby is hit by James Wisniewski.
16:51 of 2nd period - Penalty to Branko Radivojevic is over, Branko Radivojevic is back on ice.
16:58 of 2nd period - Keith Yandle is hit by Alex Berry and loses puck.
17:15 of 2nd period - Slapshot by Cory Emmerton.
17:15 of 2nd period - Stopped by Josh Harding with a rebound.
17:25 of 2nd period - Alexandre Picard is hit by Brendan Smith and loses puck.
17:42 of 2nd period - Wrist shot by Dustin Jeffrey.
17:42 of 2nd period - Deflect By Steven Goertzen.
17:42 of 2nd period - Stopped by Josh Harding without a rebound.
17:43 of 2nd period - Jake Dowell wins face-off versus Rick Schofield in Inferno zone.
17:43 of 2nd period - Jake Dowell is hit by Dustin Jeffrey.
17:50 of 2nd period - Minor Penalty to Rick Schofield for Hooking.
17:51 of 2nd period - John Mitchell wins face-off versus Brian Boyle in Machettes zone.
17:51 of 2nd period - John Mitchell is hit by Matt Smaby.
18:56 of 2nd period - Brian Boyle is hit by Tom Gilbert and loses puck.
19:17 of 2nd period - Jonathan Matsumoto is hit by Vladimir Sobotka and loses puck.
19:50 of 2nd period - Penalty to Rick Schofield is over, Rick Schofield is back on ice.
3rd period
0:01 of 3rd period - John Mitchell wins face-off versus Brian Boyle in neutral zone.
0:26 of 3rd period - Matt Carkner is hit by Stefan Ruzicka and loses puck.
1:09 of 3rd period - Snap shot by Stephane Veilleux.
1:09 of 3rd period - Stopped by Mathieu Garon with a rebound.
1:11 of 3rd period - Slapshot by Matt Carkner.
1:11 of 3rd period - Stopped by Mathieu Garon with a rebound.
1:13 of 3rd period - Snap shot by Stephane Veilleux.
1:13 of 3rd period - Shot Misses the Net.
1:15 of 3rd period - Slapshot by Matt Carkner.
1:15 of 3rd period - Deflect By Alexandre Picard.
1:15 of 3rd period - Stopped by Mathieu Garon without a rebound.
1:16 of 3rd period - Brian Boyle wins face-off versus John Mitchell in Machettes zone.
1:22 of 3rd period - Tom Gilbert is hit by Brendan Smith and loses puck.
1:27 of 3rd period - Slapshot by Pavel Vorobiev.
1:27 of 3rd period - Shot Misses the Net.
1:43 of 3rd period - Minor Penalty to Jonathan Matsumoto for Hooking.
1:44 of 3rd period - Brian Boyle wins face-off versus John Mitchell in Machettes zone.
1:45 of 3rd period - Backhand shot by Jay Pandolfo.
1:45 of 3rd period - Stopped by Mathieu Garon with a rebound.
2:53 of 3rd period - Andrej Sekera is hit by Alexandre Picard and loses puck.
3:36 of 3rd period - Snap shot by Jay Pandolfo.
3:36 of 3rd period - Shot Blocked by Tom Gilbert.
3:38 of 3rd period - Slapshot by Branko Radivojevic.
3:38 of 3rd period - Goal by Branko Radivojevic - Inferno : 2 - Machettes : 1.
3:39 of 3rd period - Vladimir Sobotka wins face-off versus Cory Emmerton in neutral zone.
4:31 of 3rd period - Snap shot by Stefan Ruzicka.
4:31 of 3rd period - Shot Misses the Net.
4:33 of 3rd period - Wrist shot by Jonathan Matsumoto.
4:33 of 3rd period - Stopped by Josh Harding with a rebound.
5:12 of 3rd period - Wrist shot by Cory Emmerton.
5:12 of 3rd period - Shot Misses the Net.
5:22 of 3rd period - Slapshot by Brendan Smith.
5:22 of 3rd period - Stopped by Mathieu Garon without a rebound.
5:23 of 3rd period - Jake Dowell wins face-off versus John Mitchell in Machettes zone.
5:24 of 3rd period - Slapshot by Matt Smaby.
5:24 of 3rd period - Shot Misses the Net.
5:26 of 3rd period - Snap shot by Matt Carkner.
5:26 of 3rd period - Stopped by Mathieu Garon with a rebound.
5:28 of 3rd period - Snap shot by Jake Dowell.
5:28 of 3rd period - Stopped by Mathieu Garon without a rebound.
5:29 of 3rd period - John Mitchell wins face-off versus Brian Boyle in Machettes zone.
6:36 of 3rd period - Snap shot by Andrew MacDonald.
6:36 of 3rd period - Stopped by Josh Harding without a rebound.
6:37 of 3rd period - Brayden Irwin wins face-off versus John Mitchell in Inferno zone.
7:49 of 3rd period - Slapshot by Stephane Veilleux.
7:49 of 3rd period - Shot Blocked by Tom Gilbert.
7:51 of 3rd period - Slapshot by Brendan Smith.
7:51 of 3rd period - Shot Blocked by James Wisniewski.
8:01 of 3rd period - Brad Marchand is hit by James Wisniewski and loses puck.
8:46 of 3rd period - Snap shot by Cory Emmerton.
8:46 of 3rd period - Shot Misses the Net.
8:48 of 3rd period - Wrist shot by Eric Godard.
8:48 of 3rd period - Goal by Eric Godard - Inferno : 2 - Machettes : 2.
8:49 of 3rd period - Brian Boyle wins face-off versus John Mitchell in neutral zone.
9:16 of 3rd period - Tom Gilbert is hit by Matt Smaby and loses puck.
9:21 of 3rd period - Snap shot by Stephane Veilleux.
9:21 of 3rd period - Stopped by Mathieu Garon with a rebound.
9:47 of 3rd period - Snap shot by Jake Dowell.
9:47 of 3rd period - Stopped by Mathieu Garon with a rebound.
10:07 of 3rd period - Dustin Jeffrey is hit by Pierre-Luc Létourneau.
11:09 of 3rd period - Vladimir Zharkov is hit by Jonathan Matsumoto and loses puck.
11:22 of 3rd period - Vladimir Zharkov is hit by Keith Yandle and loses puck.
11:34 of 3rd period - Minor Penalty to Peter Olvecky for Hooking.
11:35 of 3rd period - John Mitchell wins face-off versus Brian Boyle in Machettes zone.
12:00 of 3rd period - Keith Yandle is hit by Brendan Smith and loses puck.
12:21 of 3rd period - Jonathan Matsumoto is hit by Brian Boyle and loses puck.
12:44 of 3rd period - Andrej Sekera is hit by Andrew Orpik and loses puck.
13:05 of 3rd period - Brendan Smith is hit by Keith Yandle.
13:34 of 3rd period - Penalty to Peter Olvecky is over, Peter Olvecky is back on ice.
13:51 of 3rd period - Snap shot by Alex Berry.
13:51 of 3rd period - Stopped by Mathieu Garon with a rebound.
13:56 of 3rd period - Major / Game Misconduct Penalty to Brendan Smith for Unsportsmanlike conduct.
13:56 of 3rd period - Brendan Smith is ejected from game.
13:57 of 3rd period - John Mitchell wins face-off versus Brian Boyle in Inferno zone.
14:00 of 3rd period - Slapshot by Sergei Kostitsyn.
14:00 of 3rd period - Stopped by Josh Harding with a rebound.
14:46 of 3rd period - Andrej Sekera is hit by Pavel Vorobiev and loses puck.
16:26 of 3rd period - Matt Smaby is hit by Stefan Ruzicka and loses puck.
16:43 of 3rd period - Branko Radivojevic is hit by Cory Emmerton and loses puck.
18:36 of 3rd period - Cory Emmerton is hit by Andrej Sekera.
18:56 of 3rd period - Penalty to Brendan Smith is over, Alex Berry is send on ice.
19:18 of 3rd period - Pavel Vorobiev is hit by Branko Radivojevic and loses puck.
19:48 of 3rd period - Icing by Jonathan Matsumoto.
19:49 of 3rd period - Stephane Veilleux wins face-off versus Cory Emmerton in Machettes zone.
Overtime #1
0:01 of 1st overtime period - Brian Boyle wins face-off versus John Mitchell in neutral zone.
1:03 of 1st overtime period - Pavel Vorobiev is hit by Brad Marchand and loses puck.
1:30 of 1st overtime period - Cory Emmerton is hit by Matt Smaby.
1:56 of 1st overtime period - Steven Goertzen is hit by Jay Pandolfo.
2:02 of 1st overtime period - Andrej Sekera is hit by Steven Goertzen.
2:26 of 1st overtime period - Brian Boyle is hit by Peter Olvecky and loses puck.
2:31 of 1st overtime period - Snap shot by Peter Olvecky.
2:31 of 1st overtime period - Stopped by Josh Harding without a rebound.
2:32 of 1st overtime period - John Mitchell wins face-off versus Brian Boyle in Inferno zone.
2:47 of 1st overtime period - Pavel Vorobiev is hit by Vladimir Sobotka and loses puck.
2:52 of 1st overtime period - Snap shot by Jay Pandolfo.
2:52 of 1st overtime period - Stopped by Mathieu Garon without a rebound.
2:53 of 1st overtime period - John Mitchell wins face-off versus Vladimir Sobotka in Machettes zone.
3:18 of 1st overtime period - Matt Carkner is hit by Jonathan Matsumoto and loses puck.
4:22 of 1st overtime period - Slapshot by Dustin Jeffrey.
4:22 of 1st overtime period - Goal by Dustin Jeffrey - Inferno : 2 - Machettes : 3.
Output by the SimonT Hockey Simulator (STHS) for François Prévost -- Original Page W3C XHTML 1.0 Valid